 Dungeon Crawl Stone Soup version 0.23.2-1-ga50397a6bc (webtiles) character file.

Game seed: 10617654206599950659

214 Peloso the Shield-Bearer (level 5, -1/47 HPs)
             Began as a Minotaur Fighter on May 25, 2019.
             Slain by Crazy Yiuf
             ... wielding a +4 quarterstaff of chaos
              (4 damage)
             ... on level 3 of the Dungeon.
             The game lasted 00:07:00 (1851 turns).

Peloso the Shield-Bearer (Minotaur Fighter)         Turns: 1851, Time: 00:07:01

Health: -1/47      AC:  8    Str: 20    XL:     5   Next: 60%
Magic:  0/4        EV:  8    Int:  5    God:
Gold:   153        SH:  9    Dex: 11    Spells: 4/4 levels left

rFire    . . .     SeeInvis .   a - +0 long sword
rCold    . . .     Gourm    .   c - +0 shield
rNeg     . . .     Faith    .   b - +0 scale mail
rPois    .         Spirit   +   (helmet restricted)
rElec    .         Reflect  .   h - scarf {Spirit}
rCorr    .         Harm     .   n - +0 pair of gloves
MR       .....                  (no boots)
Stlth    ..........             (no amulet)
HPRegen  0.15/turn              (no ring)
MPRegen  0.09/turn              (no ring)

@: lethally poisoned (-1 -> -5), lightly drained
A: retaliatory headbutt, horns 2
a: no special abilities


You were on level 3 of the Dungeon.
You were not hungry.

You visited 1 branch of the dungeon, and saw 3 of its levels.

You collected 153 gold pieces.

Inventory:

Hand Weapons
 a - a +0 long sword (weapon)
Armour
 b - a +0 scale mail (worn)
 c - a +0 shield (worn)
 h - a scarf of spirit shield (worn)
 n - a +0 pair of gloves (worn)
Wands
 s - a wand of polymorph (9)
Scrolls
 k - a scroll of amnesia {unknown}
 l - a scroll of blinking {unknown}
 m - 4 scrolls of fear {unknown}
 o - a scroll of fog {unknown}
 p - 3 scrolls of identify {unknown}
Potions
 d - 2 potions of might
 e - a potion of mutation {unknown}
 g - 2 potions of curing {unknown}
 i - a potion of agility {unknown}
 j - a potion of haste {unknown}
 q - a potion of brilliance {unknown}
 r - a potion of ambrosia {unknown}
 t - a potion of flight {unknown}
 u - a potion of berserk rage {unknown}
Comestibles
 f - 6 rations
 v - a chunk of flesh


   Skills:
 + Level 4.4(4.2) Fighting
 + Level 4.6(4.4) Long Blades
 + Level 4.5(4.3) Armour
 + Level 1.3(1.1) Dodging
 + Level 4.8(4.5) Shields


You had 4 spell levels left.
You didn't know any spells.
Your spell library was empty.

Dungeon Overview and Level Annotations

Branches:
Dungeon (3/15)

Altars:
Cheibriados
Sif Muna

Annotations:
D:3 Crazy Yiuf


Innate Abilities, Weirdness & Mutations

You reflexively headbutt those who attack you in melee.
You have a pair of horns on your head.


Message History

Crazy Yiuf hits you with a +4 quarterstaff of chaos!
Crazy Yiuf freezes you.
Crazy Yiuf hits you with a +4 quarterstaff of chaos.
Crazy Yiuf freezes you.
Crazy Yiuf hits you with a +4 quarterstaff of chaos!
You are electrocuted!
* * * LOW HITPOINT WARNING * * *
Crazy Yiuf hits you but does no damage.
Crazy Yiuf hits you with a +4 quarterstaff of chaos.
* * * LOW HITPOINT WARNING * * *
Crazy Yiuf freezes you. Crazy Yiuf barely misses you.
You turn to flesh and can move again.
You completely miss Crazy Yiuf.
Crazy Yiuf is almost dead.
You feel sick.
Crazy Yiuf hits you with a +4 quarterstaff of chaos!
* * * LOW HITPOINT WARNING * * *
Crazy Yiuf freezes you.
You die...

.(.....##...# ##.#
.......####.## #.#
.......# #.(# #.#
.......# #### ###
.......#
.......###♣♣♣♣♣
.......#....♣.♣♣♣ ###
######.......♣..♣#...#
#......♣♣♣♣@g...#
##....♣♣ ♣♣#..)#
####♣♣ ###


You could see Crazy Yiuf.

Vanquished Creatures
  A scorpion (D:3)
  An orc wizard (D:3)
  6 adders
  2 worms
  2 dart slugs (D:1)
  2 leopard geckos (D:3)
  An orc (D:3)
  8 bats
  10 goblins
  12 hobgoblins
  10 kobolds
  A quokka (D:3)
  3 ball pythons
  5 frilled lizards
  4 rats
68 creatures vanquished.

Vanquished Creatures (others)
  An orc wizard (D:3)
1 creature vanquished.

Grand Total: 69 creatures vanquished

Notes
Turn   | Place    | Note
-------+----------+-------------------------------------------
     0 | D:1      | Peloso the Minotaur Fighter began the quest for the Orb.
     0 | D:1      | Reached XP level 1. HP: 19/19 MP: 0/0
    29 | D:1      | Reached XP level 2. HP: 9/27 MP: 1/1
    72 | D:1      | You fall through a shaft!
   454 | D:2      | Reached XP level 3. HP: 29/33 MP: 2/2
  1230 | D:3      | Reached XP level 4. HP: 36/40 MP: 3/3
  1309 | D:3      | Found a snail-covered altar of Cheibriados.
  1332 | D:3      | Reached skill level 1 in Dodging
  1433 | D:3      | Found a runed translucent door.
  1434 | D:3      | Noticed Crazy Yiuf
  1657 | D:3      | Found a deep blue altar of Sif Muna.
  1678 | D:3      | Reached XP level 5. HP: 45/47 MP: 2/4
  1851 | D:3      | Slain by Crazy Yiuf

Skill      XL: |  1  2  3  4 |
---------------+-------------+-----
Fighting       | 4 |  4.4
Shields        | 4 |  4.8
Armour         | 4 |  4.5
Long Blades    | 3 4 |  4.6
Dodging        | 1 |  1.3

Action                   |  1- 3 |  4- 6 || total
-------------------------+-------+-------++-------
Melee: Long sword        |   107 |    53 ||   160
       Headbutt          |    16 |    11 ||    27
  Use: Scroll            |       |     1 ||     1
  Eat: Chunk             |     1 |     2 ||     3
Armor: Scale mail        |    55 |    40 ||    95
Dodge: Dodged            |    34 |    29 ||    63
Block: Shield            |    68 |    43 ||   111
       Rpst.: Long sword |     7 |     8 ||    15
